 Dungeon Crawl Stone Soup version 0.29.1-2-gbd0b4ee654 (webtiles) character file.

Game seed: 10012400645585935356

540 MisterFreud the Covert (level 7, -3/60 HPs)
             Began as a Gnoll Delver on Nov 2, 2022.
             Slain by a gnoll
             ... wielding a +0 halberd
             ... led by a gnoll bouda
              (5 damage)
             ... on level 5 of the Dungeon.
             The game lasted 00:05:44 (4192 turns).

MisterFreud the Covert (Gnoll Delver)               Turns: 4192, Time: 00:05:46

Health: -3/60      AC:  5    Str: 12    XL:     7   Next: 26%
Magic:  10/10      EV: 13    Int: 11    God:
Gold:   246        SH:  0    Dex: 13    Spells: 9/11 levels left

rFire   . . .      SeeInvis .   q - +1 dagger (venom)
rCold   . . .      Faith    .   (no shield)
rNeg    . . .      Spirit   .   b - +1 leather armour
rPois   .          Reflect  .   (no helmet)
rElec   .          Harm     .   (no cloak)
rCorr   .          Rampage  .   e - +0 pair of gloves
Will    .....                   (no boots)
Stlth   ++++......              (no amulet)
HPRegen 0.20/turn               (no ring)
MPRegen 0.12/turn               (no ring)

@: no status effects
A: fangs 1, strong nose, distributed training
a: no special abilities


You were on level 5 of the Dungeon.
You visited 2 branches of the dungeon, and saw 7 of its levels.

You collected 246 gold pieces.

Inventory:

Hand Weapons
 a - a +0 short sword
 q - a +1 dagger of venom (weapon)
 r - a +2 hand axe of flaming
Missiles
 l - 2 atropa-tipped darts (quivered)
 t - 6 poisoned darts
Armour
 b - a +1 leather armour (worn)
 e - a +0 pair of gloves (worn)
 p - a +0 scale mail of fire resistance
Jewellery
 v - an amulet of regeneration
Wands
 g - a wand of digging (3)
Scrolls
 c - a scroll of fog
 d - 2 scrolls of magic mapping
 n - 2 scrolls of teleportation
 s - a scroll of identify
 w - a scroll of fear
Potions
 f - a potion of attraction {unknown}
 h - 2 potions of berserk rage {unknown}
 i - 2 potions of brilliance
 j - 2 potions of heal wounds {unknown}
 k - 2 potions of mutation {unknown}
 m - 3 potions of curing
 o - a potion of degeneration {unknown}
 u - a potion of magic {unknown}


   Skills:
 + Level 7.0 Fighting
 + Level 5.2 Short Blades
 + Level 2.5 Long Blades
 + Level 2.5 Axes
 + Level 2.5 Maces & Flails
 + Level 2.5 Polearms
 + Level 2.5 Staves
 + Level 2.5 Ranged Weapons
 + Level 2.5 Throwing
 + Level 2.5 Armour
 + Level 5.2 Dodging
 + Level 9.9 Stealth
 + Level 2.5 Shields
 + Level 2.5 Unarmed Combat
 + Level 2.5 Spellcasting
 + Level 2.0 Conjurations
 + Level 2.0 Hexes
 + Level 2.0 Summonings
 + Level 2.0 Necromancy
 + Level 2.0 Translocations
 + Level 2.0 Transmutations
 + Level 2.0 Fire Magic
 + Level 2.0 Ice Magic
 + Level 2.0 Air Magic
 + Level 2.0 Earth Magic
 + Level 2.0 Poison Magic
 + Level 2.7 Invocations
 + Level 2.5 Evocations


You had 9 spell levels left.
You knew the following spells:

 Your Spells              Type           Power      Damage    Failure   Level
a - Blink                 Tloc           10%        N/A       22%         2

Your spell library contained the following spells:

 Spells                   Type           Power      Damage    Failure   Level
 Poisonous Vapours        Pois/Air       10%        N/A       22%         2
 Dazzling Flash           Conj/Hex       10%        N/A       41%         3
 Lesser Beckoning         Tloc           5%         N/A       41%         3
 Corpse Rot               Necr/Pois/Air  5%         N/A       83%         4
 Agony                    Necr           5%         N/A       99%         5
 Manifold Assault         Tloc           5%         N/A       99%         5
 Silence                  Hex/Air        2%         N/A       99%         5


Dungeon Overview and Level Annotations

Branches:
Dungeon (6/15)             Temple (1/1) D:4

Altars:
Ashenzari
Elyvilon
Fedhas
Kikubaaqudgha
Makhleb
Nemelex Xobeh
Xom

Shops:
D:4 *


Innate Abilities, Weirdness & Mutations

You have very sharp teeth.
Your uncanny sense of smell can sniff out nearby items.
Your experience applies equally to all skills.


Message History

The gnoll bouda completely misses you. The gnoll misses you.
You hit the gnoll bouda but do no damage.
You bite the gnoll bouda, but do no damage.
The gnoll bouda is severely wounded.
You closely miss the gnoll bouda.
The gnoll bouda is severely wounded.
The gnoll bouda hits you with a +0 club.
The gnoll misses you.
You hit the gnoll bouda but do no damage.
The gnoll bouda looks as sick as possible!
The gnoll bouda is almost dead.
You kill the gnoll bouda!
The gnoll hits you from afar with a +0 halberd!
The gnoll hits you from afar with a +1 halberd of pain.
* * * LOW HITPOINT WARNING * * *
The gnoll closely misses you.
Things that are here:
a +0 club; a +0 robe You hit the gnoll.
The gnoll is lightly wounded.
You hit the gnoll.
The gnoll is poisoned.
The gnoll is moderately wounded.
Your attacks no longer feel as feeble.
The gnoll misses you. The gnoll completely misses you.
You closely miss the gnoll.
The gnoll is heavily wounded.
The gnoll is no longer moving quickly.
The gnoll barely misses you. x2
You closely miss the gnoll.
The gnoll is severely wounded.
The gnoll hits you from afar with a +1 halberd of pain!
* * * LOW HITPOINT WARNING * * *
The gnoll closely misses you.
It was a potion of curing.
You feel better.
The gnoll is no longer moving quickly.
The gnoll hits you from afar with a +1 halberd of pain!
* * * LOW HITPOINT WARNING * * *
You writhe in agony.
* * * LOW HITPOINT WARNING * * *
The gnoll hits you with a +0 halberd.
You die...

#)......#.......#.###..#
#.........# #...#......#
#.......?.# #...#####..#
#<..# #...# #...#.# ∆
#...# #...# ##.....#
#...###...###..#..<#
#.......g#.........# ∆
#.#.).##g#.##..#...#
#.#...(#@#.#...#.....#
#.#......#.#.#.#.....#
#.#..........#.# ...##
#........#...###.. ..#
#...####.#...# ###. ..#
#..........>## . #.g
.###....# #.g ####.. #.
....


You could see 2 gnolls.

Vanquished Creatures
  A black bear (D:4)
  A bullfrog (D:4)
  2 hounds
  A gnoll bouda (D:5)
  3 iguanas (D:4)
  Terence (D:2)
  5 gnolls
  7 adders
  A shadow imp (D:6)
  2 dart slugs (D:2)
  7 ball pythons
  A bat (D:2)
  7 endoplasms
  A giant cockroach (D:1)
  3 goblins
  4 hobgoblins
  13 jackals
  11 kobolds
  7 quokkas
  4 frilled lizards
  4 rats
86 creatures vanquished.

Notes
Turn   | Place    | Note
-------+----------+-------------------------------------------
     0 | D:5      | Reached skill level 9 in Stealth
     0 | D:5      | MisterFreud the Gnoll Delver began the quest for the Orb.
     0 | D:5      | Reached XP level 1. HP: 23/23 MP: 1/1
     7 | D:6      | Reached XP level 2. HP: 29/29 MP: 2/2
    28 | D:4      | Found a staircase to the Ecumenical Temple.
    39 | Temple   | Entered the Ecumenical Temple
   313 | D:2      | Reached XP level 3. HP: 24/35 MP: 3/3
   319 | D:2      | Reached skill level 1 in Long Blades
   319 | D:2      | Reached skill level 1 in Axes
   319 | D:2      | Reached skill level 1 in Maces & Flails
   319 | D:2      | Reached skill level 1 in Polearms
   319 | D:2      | Reached skill level 1 in Staves
   319 | D:2      | Reached skill level 1 in Ranged Weapons
   319 | D:2      | Reached skill level 1 in Throwing
   319 | D:2      | Reached skill level 1 in Armour
   319 | D:2      | Reached skill level 1 in Shields
   319 | D:2      | Reached skill level 1 in Unarmed Combat
   319 | D:2      | Reached skill level 1 in Spellcasting
   319 | D:2      | Reached skill level 1 in Invocations
   319 | D:2      | Reached skill level 1 in Evocations
   456 | D:2      | Noticed Terence
   461 | D:2      | Reached XP level 4. HP: 41/41 MP: 5/5
  1331 | D:1      | Reached skill level 1 in Conjurations
  1331 | D:1      | Reached skill level 1 in Hexes
  1331 | D:1      | Reached skill level 1 in Summonings
  1331 | D:1      | Reached skill level 1 in Necromancy
  1331 | D:1      | Reached skill level 1 in Translocations
  1331 | D:1      | Reached skill level 1 in Transmutations
  1331 | D:1      | Reached skill level 1 in Fire Magic
  1331 | D:1      | Reached skill level 1 in Ice Magic
  1331 | D:1      | Reached skill level 1 in Air Magic
  1331 | D:1      | Reached skill level 1 in Earth Magic
  1331 | D:1      | Reached skill level 1 in Poison Magic
  2177 | D:3      | Learned a level 2 spell: Blink
  2213 | D:3      | Reached XP level 5. HP: 47/47 MP: 7/7
  2806 | D:2      | Killed Terence
  2872 | D:2      | Found a faded altar of an unknown god.
  3198 | D:4      | Reached skill level 5 in Short Blades
  3198 | D:4      | Reached skill level 5 in Dodging
  3198 | D:4      | Reached XP level 6. HP: 39/53 MP: 7/9
  3461 | D:4      | Noticed a black bear
  3482 | D:4      | Killed a black bear
  3630 | D:4      | Found Koptuica's General Store.
  3742 | D:4      | Reached XP level 7. HP: 57/60 MP: 10/10
  4192 | D:5      | HP: 3/60 [gnoll/+1 halberd of pain[a gnoll bouda] (11)]
  4192 | D:5      | Slain by a gnoll

Illustrated notes

Levels and vault maps discovered:
D:1:      dpeg_arrival_long_road, layout_basic, minmay_pentomino_o2
D:2:      layout_rooms, chequers_ecumenical_altar_island, uniq_terence
D:3:      layout_rooms, minivault_5, kennysheep_cluttered_room,
          saegor_snake_ambush
D:4:      layout_rooms, minmay_temple_entry_slanted, serial_shops, shop_statue
D:5:      layout_basic, nicolae_gozag_cash_rules_everything_around_me,
          minivault_23, uniq_grinder, uniq_edmund, uniq_eustachio
D:6:      layout_layer_cave, vehumet_crystals,
          chequers_temple_overflow_statue_of_worship, grunt_dithmenos_smoke,
          uniq_blork_the_orc
Temple:   nicolae_temple_ecumenical_triangle

Skill      XL: |  1  2  3  4  5  6  7 |
---------------+----------------------+-----
Stealth        | |  9.9
Long Blades    | 1 2 |  2.5
Axes           | 1 2 |  2.5
Maces & Flails | 1 2 |  2.5
Polearms       | 1 2 |  2.5
Staves         | 1 2 |  2.5
Ranged Weapons | 1 2 |  2.5
Throwing       | 1 2 |  2.5
Armour         | 1 2 |  2.5
Shields        | 1 2 |  2.5
Unarmed Combat | 1 2 |  2.5
Spellcasting   | 1 2 |  2.5
Invocations    | 1 2 |  2.7
Evocations     | 1 2 |  2.5
Conjurations   | 1 2 |  2.0
Hexes          | 1 2 |  2.0
Summonings     | 1 2 |  2.0
Necromancy     | 1 2 |  2.0
Translocations | 1 2 |  2.0
Transmutations | 1 2 |  2.0
Fire Magic     | 1 2 |  2.0
Ice Magic      | 1 2 |  2.0
Air Magic      | 1 2 |  2.0
Earth Magic    | 1 2 |  2.0
Poison Magic   | 1 2 |  2.0
Short Blades   | 5 |  5.2
Dodging        | 5 |  5.2
Fighting       | 7 |  7.0

Action                   |  1- 3 |  4- 6 |  7- 9 || total
-------------------------+-------+-------+-------++-------
Melee: Short sword       |    32 |   161 |       ||   193
       Bite              |       |    27 |     3 ||    30
       Punch             |       |     7 |       ||     7
       Dagger            |       |    80 |    53 ||   133
  Use: Scroll            |       |     7 |     1 ||     8
       Potion            |       |     1 |     1 ||     2
 Stab: Sleeping          |     4 |    21 |       ||    25
       Distracted        |       |     3 |       ||     3
Armor: Leather armour    |     4 |    43 |    11 ||    58
Dodge: Dodged            |    12 |   132 |    41 ||   185
